 Dungeon Crawl Stone Soup version 0.30-a0-743-gbfdf073431 (webtiles) character file.

Game seed: 1469672121160682430

21 jimonade the Insei (level 2, -1/18 HPs)
             Began as an Octopode Transmuter on Feb 7, 2023.
             Slain by a kobold
             ... wielding a +0 whip
              (3 damage)
             ... on level 2 of the Dungeon.
             The game lasted 00:01:08 (930 turns).

jimonade the Insei (Octopode Transmuter)             Turns: 930, Time: 00:01:09

Health: -1/18      AC:  1    Str:  9    XL:     2   Next: 87%
Magic:  5/5        EV: 13    Int: 15    God:
Gold:   104        SH:  0    Dex: 12    Spells: 4/5 levels left

rFire   . . .      SeeInvis .      - Unarmed
rCold   . . .      Faith    .    (no shield)
rNeg    . . .      Spirit   .    (helmet currently unavailable)
rPois   .          Reflect  .    (no amulet)
rElec   .          Harm     .    (no ring)
rCorr   .          Rampage  .    (no ring)
Will    .....                    (no ring)
Stlth   ++                       (no ring)
HPRegen 0.23/turn                (no ring)
MPRegen 0.09/turn                (no ring)
                                 (no ring)
                                 (no ring)

@: appendages (expiring)
A: tentacle spike 3, almost no armour, amphibious, 8 rings, camouflage 1,
gelatinous body 1, (nimble swimmer 1), tentacles
a: End Transformation


You were on level 2 of the Dungeon.
One of your tentacles had grown a beastly spike.
You visited 1 branch of the dungeon, and saw 2 of its levels.

You collected 104 gold pieces.

Inventory:

Jewellery
 b - an amulet of reflection
 g - a ring of positive energy
Scrolls
 c - a scroll of amnesia {unknown}
 e - a scroll of vulnerability {unknown}
 f - a scroll of blinking {unknown}
 h - a scroll of immolation {unknown}
Potions
 a - a potion of lignification
 d - a potion of flight {unknown}
 i - a potion of attraction {unknown}


   Skills:
 + Level 1.0 Fighting
 + Level 2.1 Dodging
 * Level 3.5 Unarmed Combat
 + Level 2.1 Spellcasting
 * Level 2.2 Transmutations


You had 4 spell levels left.
You knew the following spells:

 Your Spells              Type           Power      Damage    Failure   Level
a - Beastly Appendage     Tmut           16%        N/A       9%          1

Your spell library contained the following spells:

 Spells                   Type           Power      Damage    Failure   Level
 Wereblood                Tmut           8%         N/A       13%         2
 Spider Form              Tmut/Pois      5%         N/A       38%         3
 Ice Form                 Ice/Tmut       5%         N/A       80%         4


Dungeon Overview and Level Annotations

Branches:
Dungeon (2/15)

Altars:

Shops:
D:2 (


Innate Abilities, Weirdness & Mutations

One of your tentacles has grown a beastly spike.
You cannot wear most types of armour.
You are amphibious.
You can wear up to eight rings at the same time.
Your skin changes colour to match your surroundings (Stealth+).
Your rubbery body absorbs attacks. (AC +1, EV +1)
((You are camouflaged when in or above water. (Stealth+)))
You have tentacles for arms and can constrict up to eight enemies at once.


Message History

The kobold throws a stone.
The stone closely misses you. The endoplasm hits you.
You tentacle-slap the endoplasm.
You kill the endoplasm!
The kobold throws a stone.
The stone closely misses you.
You closely miss the kobold. Your grab misses the kobold.
You pierce the kobold.
The kobold is severely wounded.
An endoplasm comes into view.
The kobold hits you with a +0 dagger.
The endoplasm quivers.
You tentacle-slap the kobold.
You kill the kobold!
Your transformation is almost over.
You closely miss the goblin. Your grab misses the goblin.
You pierce the goblin, but do no damage.
The goblin misses you.
You barely miss the goblin. You grab the goblin.
You pierce the goblin.
The goblin is severely wounded.
You constrict the goblin, but do no damage.
The goblin hits you with a +0 club. The kobold hits you with a +0 whip.
You barely miss the goblin. You squeeze the goblin.
You kill the goblin!
The kobold hits you with a +0 whip.
You are too injured to fight recklessly!
You are too injured to fight recklessly!
You are too injured to fight recklessly!
You tentacle-slap the endoplasm.
You pierce the endoplasm.
The endoplasm is almost dead.
The endoplasm freezes you.
You are frozen.
The kobold closely misses you.
You completely miss the endoplasm.
You pierce the endoplasm, but do no damage.
The endoplasm is almost dead.
The endoplasm misses you. The kobold hits you with a +0 whip.
* * * LOW HITPOINT WARNING * * *
You tentacle-slap the endoplasm.
You kill the endoplasm!
The kobold hits you with a +0 whip.
You die...

... ... #.. ##..
.# ##.. ... . ...
... .. ∩. .> ..#.
♣.. #. ..#...♣.♣
###$#####)#....♣.
#........@)......
#.........K(.....
#........###.....
#........# ..##
####...#..... ..#
#...#####.# .#
##..## . #...##
#.#..##


You could see a kobold.

Vanquished Creatures
  4 endoplasms
  2 goblins
  3 hobgoblins (D:1)
  A quokka (D:1)
  A ball python (D:1)
  2 bats (D:1)
  5 kobolds
  2 rats
20 creatures vanquished.

Notes
Turn   | Place    | Note
-------+----------+-------------------------------------------
     0 | D:1      | jimonade the Octopode Transmuter began the quest for the
                  | Orb.
     0 | D:1      | Reached XP level 1. HP: 13/13 MP: 3/3
     2 | D:1      | Noticed an ogre
     6 | D:1      | Noticed a naga
     8 | D:1      | Noticed an elf
    11 | D:1      | Noticed a demigod
    13 | D:1      | Noticed a tengu
    21 | D:1      | Noticed a minotaur
   122 | D:1      | Found a faded altar of an unknown god.
   317 | D:1      | Reached XP level 2. HP: 18/18 MP: 3/5
   917 | D:2      | Found Keihapux's Antique Weapon Emporium.
   930 | D:2      | Slain by a kobold

Illustrated notes

Levels and vault maps discovered:
D:1:      shiori_arrival_whats_in_store_for_you, layout_loops_ring,
          chequers_ecumenical_altar_simple_redux
D:2:      layout_rooms, serial_shops, nicolae_diamond_shop,
          minmay_misc_feat_square

Action                     || total
---------------------------++-------
  Melee: Unarmed           ||    42
         Kick              ||    11
         Constrict         ||     9
         Tentacles         ||     6
   Cast: Beastly Appendage ||    10
 Armour: Skin              ||     4
  Dodge: Dodged            ||    22

Table legend: (Time is in decaauts)
 A = Elapsed time spent in this place.
 B = Non-inter-level travel time spent in this place.
 C = Inter-level travel time spent in this place.
 D = Time resting spent in this place.
 E = Time spent auto-exploring this place.
 F = Levels seen in this place.
 G = Mean time per level.
                   A        B        C        D        E       F      G
               +--------+--------+--------+--------+--------+-----+--------+
         Total |    927 |    871 |     56 |      0 |    740 |   2 |  463.5 |
       Dungeon |    927 |    871 |     56 |      0 |    740 |   2 |  463.5 |
               +--------+--------+--------+--------+--------+-----+--------+

Top non-repeatable levels by time:
     D:1: 850 daAuts
     D:2: 76 daAuts
